AoeStats
← RDA Ronan

Socotra

506560858Analyzed
4v4 RM · 18d ago on Sep 14, 2026· 27m 30s· 8 players
Game mode
Random Map
Map size
148×148
Population
200
Speed
Normal
Resources
Standard
Victory
Conquest
Starting age
Dark Age
Ending age
Imperial Age
RankedLock teamsTeams togetherTeam positionsShared explorationLock speedFull tech treeHidden civsTurbo modeCheats
Victory
Defeat
🇻🇪 Slavs · Venezuela
1346
+12
🇩🇪 Tatars · Germany
1332
+13
🇨🇴 Vikings · Colombia
1312
+13
🇲🇽 Celts · Mexico
1245
+16
🇦🇷 Muisca · Argentina
1358
-17
🇦🇷 Berbers · Argentina
1298
-15
🇦🇷 Gurjaras · Argentina
1249
-13
🇦🇷 Portuguese · Argentina
1122
-9
Todas Mienten
9:41 Feudal Age
8:30 Loom
10:39 Double-Bit Axe
10:34 Horse Collar
11:33 Town Watch
15:00 Scale Barding Armor
17:23 Forging
22:43 Castle Age
21:14 Stone Mining
21:23 Gold Mining
24:00 Iron Casting
23:46 Chain Barding Armor
23:37 Bloodlines
23:28 Husbandry
24:04 Bow Saw
25:31 Gold Shaft Mining
24:55 Light Cavalry
28:05 Wheelbarrow
27:15 Town Watch
jherrera15
4:26 Loom
9:21 Feudal Age
10:35 Double-Bit Axe
21:00 Fletching
25:16 Castle Age
26:32 Bow Saw
26:07 Horse Collar
26:22 Stone Mining
MZTK / Dampflok
5:35 Loom
10:36 Feudal Age
11:39 Double-Bit Axe
18:48 Castle Age
17:14 Man-at-Arms
19:06 Scale Mail Armor
19:00 Pikeman
20:10 Bow Saw
20:34 Arson
22:32 Fletching
23:21 Bodkin Arrow
23:27 Gold Mining
24:39 Padded Archer Armor
26:20 Husbandry
[CL]TrunicC
6:56 Loom
9:13 Feudal Age
9:52 Double-Bit Axe
10:55 Horse Collar
14:36 Wheelbarrow
14:15 Gold Mining
19:36 Castle Age
18:19 Scale Mail Armor
21:03 Bow Saw
22:12 Pikeman
Gianncrack
7:02 Loom
9:18 Feudal Age
11:26 Double-Bit Axe
25:30 Champi Runner
RDA | Damiii el TORO
0:35 Loom
11:20 Feudal Age
12:02 Double-Bit Axe
12:35 Man-at-Arms
16:47 Scale Mail Armor
25:11 Castle Age
23:25 Horse Collar
25:38 Forging
25:15 Pikeman
27:08 Iron Casting
RDA Ronan
4:45 Loom
9:05 Feudal Age
17:07 Double-Bit Axe
18:44 Horse Collar
22:00 Castle Age
20:17 Fletching
21:18 Gold Mining
21:49 Bloodlines
21:46 Scale Barding Armor
22:57 Husbandry
23:11 Forging
RDA Valencho04
6:31 Loom
10:49 Feudal Age
11:41 Double-Bit Axe
15:45 Horse Collar
20:25 Fletching
20:36 Padded Archer Armor
28:17 Castle Age
Connection lost

Rejoining the realm…

Still unreachable

The connection could not be restored.

Session expired

The server has moved on; the page needs a fresh start.